 Seeded DCSS version 0.27-a0-998-g4cfe56dd59 (webtiles) character file.

Game seed: 20210417 (custom seed)

1093 Snicker the Sneak (level 8, -1/58 HPs)
             Began as a Demonspawn Brigand on Apr 17, 2021.
             Was an Initiate of Gozag.
             Slain by a gnoll
             ... wielding a +0 whip
              (3 damage)
             ... on level 5 of the Dungeon.
             The game lasted 00:07:57 (3793 turns).

Snicker the Sneak (Demonspawn Brigand)              Turns: 3793, Time: 00:07:58

Health: -1/58      AC: 13    Str: 12    XL:     8   Next: 9%
Magic:  8/8        EV: 11    Int: 12    God:    Gozag
Gold:   213        SH:  4    Dex: 17    Spells: 7/7 levels left

rFire    + . .     SeeInvis .   a - +2 dagger
rCold    . . .     Faith    .   (no shield)
rNeg     . . .     Spirit   .   k - +1 ring mail {rF+}
rPois    .         Reflect  .   (no helmet)
rElec    .         Harm     .   c - +0 cloak
rCorr    .         Rampage  .   (no gloves)
Will     .....                  (no boots)
Stlth    +++.......             (no amulet)
HPRegen  0.19/turn              (no ring)
MPRegen  0.11/turn              (no ring)

@: about to teleport, gold aura
A: icy blue scales 1, icemail 1, condensation shield
a: Renounce Religion, Potion Petition, Call Merchant, Bribe Branch


You were on level 5 of the Dungeon.
You worshipped Gozag.
Gozag was aware of your devotion.
You visited 1 branch of the dungeon, and saw 5 of its levels.

You collected 248 gold pieces.
You paid 35 gold pieces to Gozag.

Inventory:

Hand Weapons
 a - a +2 dagger (weapon)
Missiles
 d - 27 poisoned darts (quivered)
 e - 2 curare-tipped darts
Armour
 b - a +0 robe
 c - a +0 cloak (worn)
 k - a +1 ring mail of fire resistance (worn)
Jewellery
 t - a ring of positive energy
Scrolls
 f - a scroll of teleportation
 i - 2 scrolls of enchant armour {unknown}
 j - a scroll of fear {unknown}
 l - a scroll of enchant weapon {unknown}
 m - 2 scrolls of identify {unknown}
 o - a scroll of noise {unknown}
 r - a scroll of holy word {unknown}
 s - a scroll of immolation {unknown}
 u - a scroll of torment {unknown}
 v - a scroll of amnesia {unknown}
Potions
 h - a potion of attraction


   Skills:
 + Level 3.2 Fighting
 * Level 5.6 Short Blades
 + Level 2.3 Throwing
 + Level 2.5 Armour
 + Level 2.7 Dodging
 * Level 5.9 Stealth
 + Level 1.4 Shields


You had 7 spell levels left.
You didn't know any spells.
Your spell library was empty.

Dungeon Overview and Level Annotations

Branches:
Dungeon (4/15)
 Temple: D:4-7

Altars:
Ashenzari
Gozag


Innate Abilities, Weirdness & Mutations

You are partially covered in icy blue scales. (AC +2)
A meltable icy envelope protects you from harm. (AC +4)
A meltable shield of frost defends you. (SH +4)


Message History

The gnoll hits you with a +0 whip.
* * * LOW HITPOINT WARNING * * *
The gnoll misses you.
The kobold brigand throws a curare-tipped dart.
The curare-tipped dart barely misses you.
The kobold brigand is pulled toward you!
It was a potion of magic.
Magic courses through your body. The gnoll completely misses you.
The gnoll closely misses you. The kobold brigand misses you.
It was a potion of cancellation.
Your magical effects are unravelling.
You feel magically purged.
You feel a little less mighty now. The gnoll closely misses you.
The gnoll hits you but does no damage. You block the kobold brigand's attack.
You feel less attractive to monsters.
You barely miss the kobold brigand. You block the gnoll's attack.
Unknown command.
Unknown command.
As you read the scroll labelled SEAFARURIL, it crumbles to dust.
You feel strangely unstable.
It was a scroll of teleportation.
The gnoll hits you from afar with a +0 spear.
* * * LOW HITPOINT WARNING * * *
The kobold brigand misses you. The gnoll barely misses you.
Unknown command.
You barely miss the kobold brigand. The gnoll barely misses you.
The kobold brigand closely misses you. The gnoll barely misses you.
You hit the kobold brigand.
The kobold brigand is lightly wounded.
The gnoll misses you.
The kobold brigand hits you but does no damage.
You hit the kobold brigand but do no damage.
The kobold brigand is lightly wounded.
The gnoll hits you with a +0 whip.
* * * LOW HITPOINT WARNING * * *
The gnoll closely misses you.
You barely miss the kobold brigand.
The kobold brigand is lightly wounded.
The kobold brigand misses you. The gnoll hits you with a +0 whip.
You die...
Your body crumbles into a pile of gold.

#.≈≈≈..≈≈...## $ ##........
#...≈#..≈≈...# .....##.........
#...≈#...#...# .....##.........
#........# ..# .....##g.#######
#........# # .....##..g.....#
#........# K...# #..#.....#
#...##...# K..# ##..#.....#
#...##...# ##gK'###...#.....#
#....+...# #@Kg.......#.....#
#....#..######+###.#......#.....#
#...######.....##..#......#######
#...##..##.........#......#
#.......#..........#......#
#.......#......##..#......#
+.......#......##..#(.....#
#.####..##.....##..'......#
#.####..##.....##..#......#


You could see a kobold brigand, 2 gnolls and 3 kobolds.

Vanquished Creatures
  A two-headed ogre (D:4)
  A steam dragon (D:3)
  An ogre (D:4)
  A kobold brigand (D:5)
  A hound (D:4)
  An orc wizard (D:2)
  A gnoll (D:5)
  4 adders
  A worm (D:3)
  3 dart slugs
  3 orcs (D:2)
  10 ball pythons
  5 bats
  2 endoplasms (D:2)
  4 giant cockroaches
  3 goblins
  9 hobgoblins
  4 jackals (D:1)
  4 quokkas
  2 frilled lizards
  7 kobolds
  7 rats
75 creatures vanquished.

Notes
Turn   | Place    | Note
-------+----------+-------------------------------------------
     0 | D:1      | Snicker the Demonspawn Brigand began the quest for the Orb.
     0 | D:1      | Reached XP level 1. HP: 16/16 MP: 1/1
    54 | D:1      | Reached skill level 1 in Dodging
   198 | D:1      | Gained mutation: A meltable shield of frost defends you.
                  | (SH +4) [demonic ancestry]
   198 | D:1      | Reached XP level 2. HP: 10/22 MP: 2/2
  1087 | D:1      | Gained mutation: You are partially covered in icy blue
                  | scales. (AC +2) [demonic ancestry]
  1087 | D:1      | Reached XP level 3. HP: 27/27 MP: 3/3
  1548 | D:2      | HP: 2/40 [something (2)]
  1550 | D:2      | Reached XP level 4. HP: 2/33 MP: 4/4
  2496 | D:3      | Found a broken altar of Ashenzari.
  2588 | D:3      | Noticed a steam dragon
  2602 | D:3      | Killed a steam dragon
  2603 | D:3      | Reached skill level 1 in Armour
  2603 | D:3      | Reached XP level 5. HP: 39/39 MP: 5/5
  2694 | D:3      | Found an opulent altar of Gozag.
  2964 | D:3      | Became a worshipper of Gozag Ym Sagoz the Greedy
  3427 | D:4      | Noticed an ogre
  3428 | D:4      | Killed an ogre
  3429 | D:4      | Reached XP level 6. HP: 46/46 MP: 6/6
  3528 | D:4      | Noticed a two-headed ogre
  3553 | D:4      | Killed a two-headed ogre
  3554 | D:4      | Reached skill level 5 in Short Blades
  3554 | D:4      | Reached skill level 5 in Stealth
  3554 | D:4      | Reached skill level 1 in Shields
  3554 | D:4      | Gained mutation: A meltable icy envelope protects you from
                  | harm. (AC +4) [demonic ancestry]
  3554 | D:4      | Reached XP level 7. HP: 52/52 MP: 7/7
  3599 | D:4      | Reached XP level 8. HP: 57/58 MP: 8/8
  3641 | D:4      | You fall into a shaft and drop 1 floor!
  3641 | D:5      | Entered Level 5 of the Dungeon
  3792 | D:5      | HP: 2/58 [gnoll/+0 whip (2)]
  3793 | D:5      | Slain by a gnoll

Illustrated notes

Levels and vault maps discovered:
D:1:      ncdulo_halloftheorcs, layout_loops_ring
D:2:      layout_rooms, serial_forest, infiniplex_forest_straight_4,
          infiniplex_forest_lined_ring, infiniplex_forest_corner_1,
          infiniplex_forest_straight_5, infiniplex_forest_lined_corner
D:3:      minmay_inner_zag, layout_basic, nicolae_gozag_seed_capital,
          ashenzari_altar_1
D:4:      layout_loops_ring, lemuel_tele_altar,
          nicolae_yredelemnul_ghost_church, grunt_ministairs_12,
          chequers_serial_rivers_small_b
D:5:      cheibrodos_fertilizer, layout_gridville,
          minmay_temple_entry_large_hall, chequers_serial_rivers_small_b,
          sigmund_army, uniq_sigmund

Skill      XL: |  1  2  3  4  5  6 |
---------------+-------------------+-----
Dodging        | 1 2 |  2.7
Short Blades   | 2 3 4 5 |  5.6
Stealth        | 4 5 |  5.9
Armour         | 1 2 |  2.5
Fighting       | 3 |  3.2
Throwing       | 2 |  2.3
Shields        | 1 |  1.4

Action                   |  1- 3 |  4- 6 |  7- 9 || total
-------------------------+-------+-------+-------++-------
Melee: Dagger            |   145 |   112 |    56 ||   313
Throw: Dart              |       |     9 |       ||     9
  Use: Potion            |     1 |     1 |     5 ||     7
       Scroll            |       |       |     1 ||     1
 Stab: Sleeping          |     8 |     8 |     1 ||    17
Armor: Robe              |    29 |       |       ||    29
       Ring mail         |       |    44 |    38 ||    82
Dodge: Dodged            |    68 |    49 |    42 ||   159
Block: Other             |    16 |     9 |    16 ||    41

Table legend: (Time is in decaauts)
 A = Elapsed time spent in this place.
 B = Non-inter-level travel time spent in this place.
 C = Inter-level travel time spent in this place.
 D = Time resting spent in this place.
 E = Time spent auto-exploring this place.
 F = Levels seen in this place.
 G = Mean time per level.
                   A        B        C        D        E       F      G
               +--------+--------+--------+--------+--------+-----+--------+
         Total |   3761 |   3586 |    175 |     89 |   2735 |   5 |  752.2 |
       Dungeon |   3761 |   3586 |    175 |     89 |   2735 |   5 |  752.2 |
               +--------+--------+--------+--------+--------+-----+--------+

Top non-repeatable levels by time:
     D:1: 1362 daAuts
     D:3: 1069 daAuts
     D:2: 981 daAuts
     D:4: 206 daAuts
     D:5: 140 daAuts
